 Dungeon Crawl Stone Soup version 0.30-a0-341-g682706514a (webtiles) character file.

Game seed: 15467750624712848807

119762 Jp444 the Warrior (level 16, 0/168 HPs)
             Began as a Gargoyle Berserker on Oct 23, 2022.
             Was a High Priest of Trog.
             Slain by an ettin
             ... wielding a +1 antimagic dire flail
              (19 damage)
             ... on level 13 of the Dungeon on Nov 3, 2022.
             The game lasted 02:03:53 (29555 turns).

Jp444 the Warrior (Gargoyle Berserker)             Turns: 29555, Time: 02:03:54

Health: 0/168      AC: 39    Str: 28    XL:     16   Next: 80%
Magic:  0/16       EV:  7    Int:  5    God:    Trog [*****.]
Gold:   1198       SH: 18    Dex: 12    Spells: 15/15 levels left

rFire   . . .      SeeInvis +    N - +4 eveningstar
rCold   + + +      Faith    .    D - +2 tower shield {rC+}
rNeg    + + +      Spirit   .    U - +3 plate armour {rN+}
rPois   ∞          Reflect  .    (no helmet)
rElec   +          Harm     .    A - +1 cloak {rC+}
rCorr   .          Rampage  +    y - +0 pair of gloves
Will    +++++                    I - +0 pair of boots {rampage}
Stlth   ..........               o - amulet "Kueloam" {rPois rC+ Will+ Regen+ Dex+3}
HPRegen 2.28/turn                P - ring "Gosulic" {+Blink Will+++ Int-4 SInv Stlth-}
MPRegen 0.15/turn                p - ring of positive energy

@: berserking (expiring), strong-willed, flying, regenerating, very quick
A: sickness immunity, AC +12, big wings, negative energy resistance 1,
electricity resistance, torment resistance 1, petrification resistance
a: Renounce Religion, Evoke Blink, Berserk, Trog's Hand, Brothers in Arms


You were on level 13 of the Dungeon.
You worshipped Trog.
Trog was extremely pleased with you.
You visited 5 branches of the dungeon, and saw 23 of its levels.
You also visited: Gauntlet and Ice Cave.

You collected 2235 gold pieces.
You spent 1037 gold pieces at shops.

Inventory:

Hand Weapons
 N - a +4 eveningstar (weapon)
Missiles
 h - 6 curare-tipped darts
 j - 33 poisoned darts (quivered)
 T - 2 atropa-tipped darts
Armour
 y - a +0 pair of gloves (worn)
 A - a +1 cloak of cold resistance (worn)
 D - a +2 tower shield of cold resistance (worn)
 H - the +0 pair of gloves of the Weaver {+Inv rF+ Int-5}
   (You bought it in a shop on level 2 of the Orcish Mines)

   Int:       It affects your intelligence (-5).
   rF:        It protects you from fire.
   +Inv:      It lets you turn invisible.
 I - a +0 pair of boots of rampaging (worn)
 U - a +3 plate armour of positive energy (worn)
Jewellery
 a - the brooch of Shielding {Spirit SH+8}
   (You found it in a Gauntlet)

   [amulet of guardian spirit]

   It causes incoming damage to be divided between your reserves of health and
   magic.
   SH:        It affects your SH (+8).
 o - the amulet "Kueloam" (around neck) {rPois rC+ Will+ Regen+ Dex+3}
   (You found it on level 5 of the Lair of Beasts)

   [amulet of regeneration]

   Dex:       It affects your dexterity (+3).
   rC:        It protects you from cold.
   rPois:     It protects you from poison.
   Regen:     It increases your rate of health regeneration.
   Will:      It increases your willpower.
 p - a ring of positive energy (right hand)
 v - an amulet of reflection
 P - the ring "Gosulic" (left hand) {+Blink Will+++ Int-4 SInv Stlth-}
   (You took it off a minotaur in a Gauntlet)

   [ring of see invisible]

   Int:       It affects your intelligence (-4).
   SInv:      It lets you see invisible.
   +Blink:    It lets you blink.
   Will:      It greatly increases your willpower.
   Stlth:     It makes you less stealthy.
Wands
 f - a wand of flame (9)
 x - a wand of charming (10)
 B - a wand of mindburst (21)
 E - a wand of digging (6)
 K - a wand of roots (16)
 Q - a wand of polymorph (3)
 R - a wand of light (12)
Scrolls
 b - 5 scrolls of blinking
 c - 4 scrolls of magic mapping
 k - 11 scrolls of teleportation
 n - 5 scrolls of fog
 r - 5 scrolls of fear
 s - 5 scrolls of enchant armour
 t - a scroll of silence
 u - 2 scrolls of poison
 z - 2 scrolls of summoning
 C - a scroll of brand weapon
 F - 8 scrolls of identify
Potions
 d - 2 potions of haste
 e - 6 potions of curing
 l - 2 potions of attraction
 m - 4 potions of heal wounds
 q - 3 potions of might
 w - 7 potions of ambrosia
 G - 3 potions of lignification
 J - 2 potions of mutation
 M - a potion of cancellation {unknown}
Miscellaneous
 i - a box of beasts
 L - a lightning rod (4/4)


   Skills:
 + Level 17.5 Fighting
 - Level 16.0 Maces & Flails
 + Level 17.4 Armour
 - Level 4.5 Dodging
 + Level 10.6 Shields
 + Level 5.0 Evocations


You had 15 spell levels left.
You didn't know any spells.
Your spell library was empty.

Dungeon Overview and Level Annotations

Branches:
Dungeon (13/15)            Temple (1/1) D:6            Lair (5/5) D:9
  Swamp (2/4) Lair:3        Snake (0/4) Lair:3        Slime (0/5) Lair:5
    Orc (2/2) D:10            Elf (0/3) Orc:2         IceCv (visited)
Gauntlet (visited)
 Vaults: D:13-14

Altars:
Ashenzari
Cheibriados
Dithmenos
Elyvilon
Fedhas
Gozag
Hepliaklqana
Kikubaaqudgha
Makhleb
Nemelex Xobeh
Okawaru
Qazlal
Ru
Sif Muna
Trog
Uskayaw
Vehumet
Wu Jian
Xom
Yredelemnul
Zin
The Shining One
Jiyva

Shops:
D:6 *?   D:9 =:   Orc:2 [=(*

Annotations:
D:13 1 transporter
Lair:2 3 runed translucent doors, Ekiexto's ghost, journeyman OgBe
Orc:2 3 runed translucent doors, foxfromabyss's ghost, journeyman OgFi


Innate Abilities, Weirdness & Mutations

You are immune to sickness and miasma.
Your stone body is resilient. (AC +12)
You are immune to poison.
Your large and strong wings let you fly.
You resist negative energy. (rN+)
You are resistant to electric shocks. (rElec)
You are resistant to unholy torment.
You are immune to petrification.


Message History

You barely miss Hnjsb's ghost.
Hnjsb's ghost is severely damaged.
The moth of wrath goads something on!
The two-headed ogre hits you with a +0 giant club.
You block the two-headed ogre's attack.
You spit Hnjsb's ghost like a pig!!!
You destroy Hnjsb's ghost!
Trog accepts your kill.
Trog appreciates your killing of a magic user.
You crush the two-headed ogre like a grape!!!
The two-headed ogre is heavily wounded.
The two-headed ogre hits you with a +0 giant club! x2
The ettin hits you with a +1 antimagic dire flail!!!
You feel your power leaking away. You block the ettin's attack.
The tengu warrior rages.
The two-headed ogre attacks as you move away!
The two-headed ogre completely misses you.
The two-headed ogre hits you but does no damage.
The troll rages.
You thump the ettin!
The ettin is lightly wounded.
The ettin hits you with a +1 antimagic dire flail!
The ettin hits you with a +0 giant spiked club of flaming!
The ettin burns you.
You impale the ettin!!
The ettin is heavily wounded.
You block the ettin's attack.
The ettin hits you with a +0 giant spiked club of flaming!!
* * * LOW HITPOINT WARNING * * *
The ettin burns you.
* * * LOW HITPOINT WARNING * * *
You are too berserk!
Okay, then.
You are too berserk!
The ettin attacks as you move away!
The ettin hits you with a +1 antimagic dire flail!
* * * LOW HITPOINT WARNING * * *
The ettin hits you with a +0 giant spiked club of flaming!!
You die...

.# #....#.....#........#.......
.# #....#.....#........#.......
.#####....#####'#........#....###
.......................).#....#..
#######................)))....'..
#.....#..........#####..)[....#..
#.....#..####..###...###..###.#..
#.....##.#....##....#.###...#.#..
#......#.#....##@...#####...#.###
#.[....'.#...##C###.#≈#.##..+....
#......#.'...#OT# ..|#...#.......
#......#.#..©#yQ##._T.O.Q#©......
#'##...#.#...#......)#...#..#<...
...#####.##..##....#≈#..##..#....
..............#...C#### #..##....
..............##......###........
##'#...######..###.y.###.........


You could see an ettin (berserk), a tengu warrior (berserk), a two-headed ogre
(berserk), a moth of wrath and a troll (berserk).

Vanquished Creatures
  Nikola (Swamp:1)
  2 thorn hunters (Swamp:2)
  Louise (Swamp:1)
  A stone giant (Orc:2)
  An eleionoma (Swamp:1)
  A minotaur (Gauntlet)
  4 bunyips (Swamp:2)
  4 dire elephants (Lair:5)
  4 ettins
  A shambling mangrove (Swamp:2)
  The ghost of Hnjsb the Unseen, a journeyman SpEn of Dithmenos (D:13)
  Erolcha (D:11)
  A ghost crab (Swamp:1)
  4 hydras
  A catoblepas (Lair:5)
  4 centaur warriors (D:13)
  4 boulder beetles
  6 two-headed ogres
  3 alligators
  11 death yaks
  The ghost of mertasd123 the Blocker, a novice GnFi of Cheibriados (D:7)
  A tengu warrior (D:11)
  2 death scarabs (Gauntlet)
  A spectral dire elephant (Lair:5)
  Urug (Lair:3)
  An orc high priest (Orc:2)
  Sonja (Lair:4)
  A spectral anaconda (Lair:5)
  4 spectral death yaks
  2 goliath frogs (Swamp:2)
  2 swamp dragons (Swamp:1)
  3 bog bodies
  An obsidian statue (Lair:5)
  Pikel (D:4)
  A deep elf pyromancer (D:13)
  4 necromancers
  An orc knight (Orc:1)
  2 lindwurms (Lair:2)
  5 orc sorcerers
  10 cyclopes
  2 ugly things
  3 will-o-the-wisps (Swamp:1)
  4 oklob plants
  13 elephants
  5 black mambas
  Joseph (D:8)
  An ice statue (IceCv)
  2 torpor snails
  3 gargoyles
  An unseen horror (D:11)
  A dire elephant skeleton (Lair:5)
  Psyche (D:9)
  8 rime drakes
  12 cane toads
  11 ice devils (IceCv)
  An efreet (Gauntlet)
  6 freezing wraiths (IceCv)
  8 komodo dragons
  3 anaconda simulacra (IceCv)
  A tengu conjurer (D:11)
  A queen bee (D:10)
  A bloated husk (Swamp:1)
  3 polar bears
  6 trolls
  7 tyrant leeches
  5 hornets
  20 blink frogs
  4 slime creatures (D:13)
  A spectral elephant (Lair:5)
  14 dream sheep
  A spectral black mamba (Gauntlet)
  5 wraiths
  A shadow (D:13)
  3 spriggans
  41 yaks
  5 wyverns
  6 basilisks
  3 death yak simulacra
  A fire elemental (Gauntlet)
  3 vampire mosquitoes (D:11)
  3 wargs
  4 nagas
  A steam dragon (D:8)
  12 swamp worms
  4 acid dragons
  12 water moccasins
  4 spectral cane toads (Lair:5)
  A hell hound (Gauntlet)
  2 hydra simulacra (IceCv)
  2 black bears
  17 orc warriors
  3 swamp drakes (Swamp:1)
  4 ice beasts
  2 elephant zombies (Lair:5)
  2 sky beasts
  9 ogres
  14 wolves
  10 centaurs
  A phantom (D:4)
  5 kobold brigands
  15 bullfrogs
  3 gnoll sergeants
  A necrophage (D:5)
  6 cane toad simulacra
  11 wights
  A scorpion (D:5)
  A two-headed ogre simulacrum (IceCv)
  10 elephant simulacra
  22 killer bees
  3 electric eels (D:6)
  7 howler monkeys
  4 hounds
  2 jellies
  2 gnoll boudas (D:7)
  10 orc priests
  8 iguanas
  21 orc wizards
  A troll simulacrum (IceCv)
  3 polar bear simulacra (IceCv)
  2 lightning spires (Swamp:1)
  5 wolf simulacra (IceCv)
  8 adders
  21 gnolls
  A naga simulacrum (IceCv)
  14 white imps
  3 ufetubi
  3 dart slugs
  56 orcs
  6 bats
  4 endoplasms
  7 giant cockroaches
  4 goblins
  2 hobgoblins
  3 jackals (D:4)
  10 kobolds
  2 quokkas (D:1)
  A ball python (D:1)
  4 frilled lizards
  2 rats
720 creatures vanquished.

Vanquished Creatures (others)
  A bunyip (Swamp:2)
  A bloated husk (Swamp:2)
  A spriggan (Swamp:1)
  A swamp drake (Swamp:2)
  2 ball lightnings (Swamp:1)
  A bush (Lair:5)
  3 demonic plants (Gauntlet)
  6 foxfires (Swamp:1)
  56 fungi
  54 plants
  32 withered plants (Lair:5)
158 creatures vanquished.

Grand Total: 878 creatures vanquished

Notes
Turn   | Place    | Note
-------+----------+-------------------------------------------
     0 | D:1      | Jp444 the Gargoyle Berserker began the quest for the Orb.
     0 | D:1      | Reached XP level 1. HP: 14/14 MP: 1/1
   136 | D:1      | Reached XP level 2. HP: 19/19 MP: 2/2
   731 | D:2      | Reached XP level 3. HP: 23/23 MP: 3/3
  1021 | D:2      | Identified the +6 dagger "Dotaimiklu" {venom, rPois Str+2
                  | Stlth+}
  1286 | D:2      | Reached XP level 4. HP: 27/29 MP: 4/4
  1552 | D:3      | Reached ** piety under Trog
  2048 | D:3      | Found a blossoming altar of Fedhas.
  2060 | D:3      | Noticed an oklob plant
  2246 | D:4      | Reached XP level 5. HP: 33/33 MP: 5/5
  2391 | D:4      | Noticed an ogre
  2439 | D:4      | Killed an ogre
  2440 | D:4      | Reached XP level 6. HP: 15/39 MP: 6/6
  2769 | D:4      | Noticed a black bear
  2776 | D:4      | Killed a black bear
  2837 | D:4      | Noticed Pikel
  2854 | D:4      | Killed Pikel
  2855 | D:4      | Reached skill level 5 in Fighting
  2855 | D:4      | Reached skill level 5 in Maces & Flails
  2855 | D:4      | Reached skill level 5 in Armour
  2855 | D:4      | Reached XP level 7. HP: 45/45 MP: 7/7
  2993 | D:4      | Reached XP level 8. HP: 50/51 MP: 8/8
  3031 | D:4      | Identified the +8 dagger of Desertification {vorpal, Drain
                  | Fly rCorr Dex+8}
  3217 | D:5      | Entered Level 5 of the Dungeon
  3585 | D:5      | Found a glowing silver altar of Zin.
  3585 | D:5      | Found a burning altar of Makhleb.
  3586 | D:5      | Noticed a blizzard demon
  3586 | D:5      | Noticed an angel
  4336 | D:6      | Found a shimmering blue altar of Sif Muna.
  4341 | D:6      | Found Livegam's Magic Scroll Shoppe.
  4363 | D:6      | Found a staircase to the Ecumenical Temple.
  4390 | D:6      | Reached XP level 9. HP: 43/57 MP: 9/9
  4486 | D:6      | Found Baynuecw's Assorted Antiques.
  4491 | Temple   | Entered the Ecumenical Temple
  4915 | D:6      | Bought a scroll of fear for 52 gold pieces
  4915 | D:6      | Bought a scroll of enchant armour for 97 gold pieces
  4915 | D:6      | Bought a scroll of enchant weapon for 97 gold pieces
  5215 | D:6      | Bought a scroll labelled REGOOV NOPILL for 31 gold pieces
  6478 | D:7      | Found a runed translucent door.
  6478 | D:7      | Noticed mertasd123's ghost (novice GnFi)
  7040 | D:8      | Noticed Joseph
  7101 | D:8      | Killed Joseph
  7123 | D:8      | Noticed a two-headed ogre
  7138 | D:8      | Killed a two-headed ogre
  7139 | D:8      | Reached XP level 10. HP: 66/66 MP: 10/10
  7438 | D:8      | Noticed a two-headed ogre
  7448 | D:8      | Killed a two-headed ogre
  7584 | D:9      | Found Wouxtef's Vocational Training.
  7630 | D:9      | Found a hazy altar of Hepliaklqana.
  7720 | D:9      | Noticed Psyche
  7729 | D:9      | Killed Psyche
  7942 | D:9      | Reached skill level 10 in Fighting
  8015 | D:9      | Noticed a two-headed ogre
  8184 | D:8      | Killed a two-headed ogre
  8185 | D:8      | Reached skill level 10 in Armour
  8185 | D:8      | Reached XP level 11. HP: 37/73 MP: 11/11
  8409 | D:9      | Found Xuixabuc's Jewellery Boutique.
  8553 | D:9      | Found a staircase to the Lair.
  8698 | D:10     | Entered Level 10 of the Dungeon
  8840 | D:10     | Reached *** piety under Trog
  8912 | D:10     | Reached skill level 10 in Maces & Flails
  9212 | D:10     | Found a staircase to the Orcish Mines.
  9750 | D:10     | Identified the +5 fire dragon scales of Philately {Harm Fly
                  | rF++ rC- Slay+4}
 10252 | D:10     | Upgraded the game from 0.30-a0-305-g026cb31310 to
                  | 0.30-a0-321-gf7783e6616
 10308 | D:11     | Noticed Erolcha
 10323 | D:11     | Killed Erolcha
 10657 | D:11     | You fall into a shaft and drop 1 floor!
 10692 | D:12     | Noticed a white ugly thing
 10716 | D:12     | Killed a white ugly thing
 10888 | D:11     | Noticed a tengu warrior
 10988 | D:11     | Noticed a boulder beetle
 11030 | D:11     | Killed a tengu warrior
 11031 | D:11     | Reached skill level 1 in Shields
 11031 | D:11     | Reached XP level 12. HP: 60/81 MP: 12/12
 11056 | D:11     | Killed a boulder beetle
 11214 | D:11     | Identified the +6 hand axe of Foolhardiness {holy, Fragile
                  | Fly rF- Int+6}
 12323 | D:12     | Reached **** piety under Trog
 12462 | D:12     | Noticed a two-headed ogre
 12473 | D:12     | Killed a two-headed ogre
 12892 | D:13     | Found a stormy altar of Qazlal.
 13083 | D:13     | Noticed a boulder beetle
 13119 | D:13     | Killed a boulder beetle
 13216 | D:13     | Noticed a boulder beetle
 13229 | D:13     | Killed a boulder beetle
 13238 | D:13     | Noticed a tengu warrior
 13238 | D:13     | Noticed a two-headed ogre
 13239 | D:13     | Noticed Hnjsb's ghost (journeyman SpEn)
 13273 | D:13     | Noticed a centaur warrior
 13287 | D:13     | Killed a centaur warrior
 13428 | D:13     | Identified the +9 long sword of Tiotott {freeze, Fly rN++}
 13434 | D:13     | Found a bloodstained altar of Trog.
 13443 | D:13     | Noticed an ettin
 13446 | D:13     | Found a transporter.
 13454 | D:13     | Noticed a centaur warrior
 13474 | D:13     | Killed a centaur warrior
 13495 | D:13     | Noticed a two-headed ogre
 13515 | D:13     | Killed a two-headed ogre
 13516 | D:13     | Reached skill level 5 in Shields
 13676 | D:13     | Noticed a six-headed hydra
 13690 | D:13     | Killed a six-headed hydra
 13726 | D:13     | Noticed a centaur warrior
 13807 | D:13     | Killed a centaur warrior
 13808 | D:13     | Reached XP level 13. HP: 86/88 MP: 13/13
 14024 | D:13     | Found a transporter.
 14383 | Lair:1   | Entered Level 1 of the Lair of Beasts
 15943 | Lair:2   | Identified the +9 battleaxe "Faajee" {flame, rF+}
 16757 | Lair:2   | Found a runed translucent gate.
 16758 | Lair:2   | Found a runed translucent gate.
 16759 | Lair:2   | Found a runed translucent gate.
 16767 | Lair:2   | Noticed Ekiexto's ghost (journeyman OgBe)
 17578 | Lair:3   | Found a staircase to the Snake Pit.
 17775 | Lair:3   | Reached ***** piety under Trog
 18099 | Lair:3   | Gained mutation: Your large and strong wings let you fly.
                  | [Gargoyle growth]
 18099 | Lair:3   | Reached XP level 14. HP: 93/96 MP: 14/14
 19105 | Lair:3   | Found a staircase to the Swamp.
 19464 | Lair:4   | Noticed Urug
 19502 | Lair:3   | Killed Urug
 19875 | Lair:4   | Received a gift from Trog
 20517 | Lair:5   | Entered Level 5 of the Lair of Beasts
 20517 | Lair:5   | Found a gate leading to a gauntlet.
 20642 | Gauntlet | Entered a Gauntlet
 20642 | Gauntlet | Found a transporter.
 20651 | Gauntlet | Found a transporter.
 20672 | Gauntlet | Found a transporter.
 20672 | Gauntlet | Found a transporter.
 20693 | Gauntlet | Found a transporter.
 20706 | Gauntlet | Found a transporter.
 20720 | Gauntlet | Found a transporter.
 20745 | Gauntlet | Found the brooch of Shielding {Spirit SH+8}
 20749 | Gauntlet | Found a transporter.
 20749 | Gauntlet | Found a transporter.
 20754 | Gauntlet | Found a transporter.
 20787 | Gauntlet | Found a transporter.
 20787 | Gauntlet | Found a transporter.
 20897 | Gauntlet | Reached skill level 15 in Fighting
 21042 | Gauntlet | Identified the ring "Gosulic" {+Blink Will+++ Int-4 SInv
                  | Stlth-}
 21102 | Lair:5   | Found a staircase to the Slime Pits.
 21103 | Lair:5   | Found a viscous altar of Jiyva.
 21179 | Lair:5   | Reached skill level 15 in Armour
 21348 | Lair:5   | Reached skill level 10 in Shields
 21354 | Lair:5   | Noticed Sonja
 21813 | Lair:4   | Reached XP level 15. HP: 81/103 MP: 12/15
 22752 | Lair:4   | Identified the +6 great mace of Adduoqes {antimagic, rElec
                  | rF+ rN+++ Dex-2} (Trog gifted it to you on level 4 of the
                  | Lair of Beasts)
 22752 | Lair:4   | Received a gift from Trog
 23037 | Lair:4   | Killed Sonja
 23922 | Lair:5   | Reached skill level 15 in Maces & Flails
 24249 | Lair:5   | Identified the amulet "Kueloam" {rPois rC+ Will+ Regen+
                  | Dex+3}
 24400 | Orc:1    | Entered Level 1 of the Orcish Mines
 24462 | Orc:1    | Found a frozen archway.
 24478 | IceCv    | Entered an ice cave
 24532 | IceCv    | Received a gift from Trog
 24607 | IceCv    | Found an ancient bone altar of Kikubaaqudgha.
 25441 | Orc:1    | Reached skill level 1 in Evocations
 25923 | Orc:2    | Entered Level 2 of the Orcish Mines
 25941 | Orc:2    | Found Kyeczian's Antique Armour Boutique.
 26063 | Orc:2    | Reached XP level 16. HP: 95/111 MP: 16/16
 26087 | Orc:2    | Bought a pair of faintly glowing gloves for 275 gold pieces
 26087 | Orc:2    | Identified the +0 pair of gloves of the Weaver {+Inv rF+
                  | Int-5} (You bought it in a shop on level 2 of the Orcish
                  | Mines)
 26339 | Orc:2    | Found a runed translucent gate.
 26339 | Orc:2    | Found a runed translucent gate.
 26339 | Orc:2    | Found a runed translucent gate.
 26394 | Orc:2    | Noticed foxfromabyss's ghost (journeyman OgFi)
 26407 | Orc:2    | Found Tuyliyt's General Store.
 26415 | Orc:2    | Bought a scroll of teleportation for 39 gold pieces
 26415 | Orc:2    | Bought a potion of heal wounds for 65 gold pieces
 26415 | Orc:2    | Bought a +0 pair of boots of rampaging for 149 gold pieces
 26540 | Orc:2    | Found a staircase to the Elven Halls.
 26663 | Orc:2    | Found Mutuatuc's Antique Weapon Boutique.
 26726 | Orc:2    | Found Rumol's Jewellery Emporium.
 26850 | Orc:2    | Identified the +5 robe "Gyisk" {Regen+}
 27152 | D:10     | Upgraded the game from 0.30-a0-321-gf7783e6616 to
                  | 0.30-a0-341-g682706514a
 27238 | D:7      | Killed mertasd123's ghost
 27295 | D:6      | Bought a scroll of enchant armour for 232 gold pieces
 27399 | Swamp:1  | Entered Level 1 of the Swamp
 27579 | Swamp:1  | Received a gift from Trog
 27751 | Swamp:1  | Noticed Louise
 27753 | Swamp:1  | Noticed Nikola
 27774 | Swamp:1  | Killed Louise
 27783 | Swamp:1  | Killed Nikola
 27848 | Swamp:1  | Found a snail-covered altar of Cheibriados.
 28341 | Swamp:2  | Noticed a thorn hunter
 28349 | Swamp:2  | Killed a thorn hunter
 28516 | Swamp:2  | Noticed a thorn hunter
 28537 | Swamp:2  | Killed a thorn hunter
 29293 | D:3      | Reached skill level 5 in Evocations
 29550 | D:13     | Killed Hnjsb's ghost
 29555 | D:13     | Slain by an ettin

Illustrated notes

Levels and vault maps discovered:
D:1:      dpeg_arrival_short_road, layout_loops_ring
D:2:      cheibrodos_helix_gallery, layout_loops_corners,
          amcnicky_mini_corridor_feature, minmay_misc_feat_x,
          minmay_tromino_v4_b
D:3:      layout_loops_ring, tgw_fedhas
D:4:      layout_cave_pods, kennysheep_potato, uniq_pikel
D:5:      layout_basic, grunt_temple_overflow_order_and_chaos_2, minivault_5
D:6:      layout_rooms, nicolae_sif_muna_condensation,
          minmay_temple_entry_purple_smoke, serial_shops,
          nicolae_shop_hallway_plus, nicolae_shop_hallway_stairs,
          chequers_serial_rivers_room_a, chequers_big_river, serial_bayou_ford_a
D:7:      layout_loops_ring, hellmonk_ghost_happy_afterlife,
          hellmonk_bongcloud_opening
D:8:      layout_rooms, uniq_joseph
D:9:      layout_long_grid, kennysheep_mini_moat, hellmonk_lair_entry_icy,
          serial_shops, shop_statue, nicolae_shop_vocational, uniq_psyche
D:10:     layout_gridville, kennysheep_orc_monster_closet_entryway, minivault_7
D:11:     layout_cave_pods, serial_column_ruins, column_ruins_corridor_dead_end,
          column_ruins_corridor_straight, column_ruins_grid_1,
          column_ruins_open_small, nicolae_titane, uniq_erolcha
D:12:     layout_stronghold
D:13:     layout_irregular_city, gammafunk_ghost_wrathful_warriors,
          grunt_qazlal_sundering
Temple:   minmay_temple_bridge_d
Lair:1:   layout_regular_city, grunt_megastairs_5
Lair:2:   layout_long_grid, gammafunk_ghost_necromancy, nicolae_lair_lindhole
Lair:3:   layout_layer_cave, palyth_hydra_swamp_entry,
          guppyfry_snake_entry_garden, serial_bayou_shore_b, grunt_megastairs_3
Lair:4:   layout_misc_corridors, uniq_urug
Lair:5:   due_jungle_book, layout_loops_ring, slime_entry_1,
          gauntlet_entry_generic, dpeg_oklob_1, uniq_sonja
Swamp:1:  layout_falls_marsh, infiniplex_staircase_pool_2, swamp_pool5,
          nicolae_swamp_godswood, hangedman_swamp_phenomena, uniq_louise,
          uniq_nikola
Swamp:2:  nicolae_swamp_decorative_isthmus, layout_basic_swamp,
          nicolae_swamp_little_swirl, nicolae_swamp_bunyip_nook
Orc:1:    layout_caves, portal_ice_cave_entry_imps, nicolae_orc_crystal_geode
Orc:2:    grunt_orc_gardens, layout_caves, grunt_orc_garden, grunt_orc_garden,
          grunt_orc_garden, grunt_orc_garden, biasface_ghost_orc_armoury

Skill      XL: |  1  2  3  4  5  6  7  8  9 10 11 12 13 14 15 16 |
---------------+-------------------------------------------------+-----
Dodging        | 2 3 4 |  4.5
Armour         | 3 5 6 8 10 11 12 14 15 16 17 | 17.4
Fighting       | 4 5 7 9 10 12 13 14 15 16 17 | 17.5
Maces & Flails | 4 5 6 8 9 11 12 13 14 15 16 | 16.0
Shields        | 1 5 8 10 | 10.6
Evocations     | 1 5 |  5.0

Action                   |  1- 3 |  4- 6 |  7- 9 | 10-12 | 13-15 | 16-18 || total
-------------------------+-------+-------+-------+-------+-------+-------++-------
Melee: Mace              |    97 |    98 |   355 |   258 |   570 |       ||  1378
       Punch             |     1 |     3 |     3 |     3 |       |       ||    10
       Dire flail        |       |       |       |   499 |   247 |       ||   746
       Eveningstar       |       |       |       |       |  1001 |   457 ||  1458
       Morningstar       |       |       |       |       |       |     1 ||     1
Throw: Dart              |       |     3 |       |       |     2 |       ||     5
Invok: Berserk           |       |     3 |     5 |    10 |     9 |     2 ||    29
       Trog's Hand       |       |     2 |     4 |     9 |     7 |     3 ||    25
Evoke: Wand              |       |       |       |       |     2 |       ||     2
  Use: Scroll            |       |    11 |     7 |     2 |     8 |     4 ||    32
       Potion            |       |       |       |       |     2 |       ||     2
 Stab: Confused          |       |       |       |       |       |     3 ||     3
Armor: Animal skin       |     4 |       |       |       |       |       ||     4
       Quicksilver drago |    56 |    39 |   211 |   506 |   416 |       ||  1228
       Plate armour      |       |       |       |       |   451 |   148 ||   599
Dodge: Dodged            |    80 |    63 |   239 |   538 |   620 |    78 ||  1618
Block: Other             |       |       |       |   196 |    56 |       ||   252
       Reflection        |       |       |       |     7 |     4 |       ||    11
       Buckler           |       |       |       |       |   679 |       ||   679
       Tower shield      |       |       |       |       |   132 |   305 ||   437

Table legend: (Time is in decaauts)
 A = Elapsed time spent in this place.
 B = Non-inter-level travel time spent in this place.
 C = Inter-level travel time spent in this place.
 D = Time resting spent in this place.
 E = Time spent auto-exploring this place.
 F = Levels seen in this place.
 G = Mean time per level.
                   A        B        C        D        E       F      G
               +--------+--------+--------+--------+--------+-----+--------+
         Total |  29438 |  27462 |   1976 |    607 |  19074 |  25 | 1177.5 |
       Dungeon |  15366 |  14141 |   1225 |    426 |  10606 |  13 | 1182.0 |
        Temple |    231 |    223 |      8 |      0 |    212 |   1 |  231.0 |
          Lair |   9097 |   8485 |    612 |    116 |   6097 |   5 | 1819.4 |
         Swamp |   1601 |   1563 |     38 |     35 |   1083 |   2 |  800.5 |
  Orcish Mines |   1862 |   1770 |     92 |     29 |    634 |   2 |  931.0 |
      Ice Cave |    840 |    840 |      0 |      0 |    277 |   1 |  840.0 |
      Gauntlet |    437 |    437 |      0 |      0 |    164 |   1 |  437.0 |
               +--------+--------+--------+--------+--------+-----+--------+

Top non-repeatable levels by time:
  Lair:3: 2456 daAuts
  Lair:5: 2280 daAuts
  Lair:4: 1629 daAuts
  Lair:2: 1558 daAuts
     D:9: 1502 daAuts
    D:11: 1467 daAuts
    D:10: 1461 daAuts
    D:13: 1458 daAuts
     D:6: 1323 daAuts
     D:5: 1263 daAuts
     D:7: 1205 daAuts
     D:4: 1199 daAuts
    D:12: 1179 daAuts
  Lair:1: 1172 daAuts
   Orc:2: 1071 daAuts
